 Dungeon Crawl Stone Soup version 0.17-a0-1632-g0af21bd (webtiles) character file.

3184 mrath the Cleaver (level 9, -2/78 HPs)
             Began as a Minotaur Fighter on Aug 3, 2015.
             Was a Follower of Okawaru.
             Slain by Grum
             ... wielding a -2 glaive
              (9 damage)
             ... on level 8 of the Dungeon.
             The game lasted 01:11:09 (8989 turns).

mrath the Cleaver (Minotaur Fighter)                Turns: 8989, Time: 01:11:10

Health: -2/78      AC: 15    Str: 24    XL:     9   Next: 64%
Magic:  9/9        EV:  6    Int:  5    God:    Okawaru [*.....]
Gold:   499        SH: 13    Dex: 10    Spells: 0 memorised, 8 levels left

rFire  . . .     SeeInvis .     M - +2 trident (venom)
rCold  . . .     Clarity  .     o - +0 plate armour
rNeg   . . .     SustAt   .     c - +2 shield
rPois  .         Gourm    .     P - +1 hat
rElec  .         Spirit   .     B - +0 cloak
rCorr  .         Warding  .     (no gloves)
rMut   .         Stasis   +     (no boots)
MR     .....                    L - amulet of stasis
Stlth  ..........               (no ring)
                                w - ring of invisibility

@: not resistant to hostile enchantments, extremely unstealthy
A: retaliatory headbutt, horns 2
a: Heroism, Renounce Religion, Evoke Invisibility


You were on level 8 of the Dungeon.
You worshipped Okawaru.
Okawaru was aware of your devotion.
You were not hungry.

You visited 2 branches of the dungeon, and saw 9 of its levels.

You collected 499 gold pieces.

Inventory:

Hand weapons
 a - a +0 war axe
 d - a +0 hunting sling of flaming
 q - a +0 mace of protection
 y - a +1 whip of electrocution
 D - a +3 whip of draining
 H - a +1 flail of holy wrath
 M - a +2 trident of venom (weapon)
 U - a +2 flail of protection
Missiles
 g - 178 stones
 j - 29 poisoned needles
 r - 53 sling bullets
 G - 2 tomahawks
 I - a throwing net
 N - 4 javelins of penetration (quivered)
Armour
 c - a +2 shield (worn)
 o - a +0 plate armour (worn)
 B - a +0 cloak (worn)
 P - a +1 hat (worn)
 Q - the +0 leather armour "Jerphopn" {+Blink rF- Regen+, unknown}
   (You found it on level 8 of the Dungeon)

   It makes you vulnerable to fire.
   It lets you blink.
   It increases your rate of regeneration.
Jewellery
 w - a ring of invisibility (left hand)
 L - an amulet of stasis (around neck)
 T - an uncursed amulet of faith
Magical devices
 m - a wand of invisibility (4)
Scrolls
 i - a scroll of remove curse
 p - 4 scrolls of teleportation
 u - a scroll of identify
 F - 2 scrolls of fog {unknown}
 K - a scroll of magic mapping {unknown}
 O - a scroll of blinking {unknown}
Potions
 b - a potion of flight
 f - a potion of resistance
 h - a potion of heal wounds
 l - 3 potions of lignification
 s - 2 potions of brilliance
 t - a potion of invisibility
 v - a potion of ambrosia {unknown}
 x - 2 potions of curing
 z - a potion of poison {unknown}
 C - a potion of magic {unknown}
 J - a potion of beneficial mutation {unknown}
Books
 n - a book of the Tempests

   Spells                             Type                      Level
   a - Static Discharge               Conjuration/Air              3
   b - Lightning Bolt                 Conjuration/Air              5
   c - Fireball                       Conjuration/Fire             5
   d - Tornado                        Air                          9
   e - Shatter                        Earth                        9
 R - a book of Dreams

   Spells                             Type                      Level
   a - Ensorcelled Hibernation        Hexes/Ice                    2
   b - Phase Shift                    Translocation                5
   c - Shadow Creatures               Summoning                    5
   d - Silence                        Hexes/Air                    5
   e - Darkness                       Hexes                        6
   f - Mass Confusion                 Hexes                        6
Comestibles
 e - 5 bread rations
 k - 3 fruits
 A - 5 meat rations
 S - 7 chunks of flesh


   Skills:
 + Level 6.8 Fighting
 + Level 10.2 Axes
 + Level 4.4 Throwing
 + Level 6.9 Armour
 + Level 3.4 Dodging
 + Level 7.1 Shields
 + Level 2.4 Invocations
 + Level 0.8 Evocations


You had 8 spell levels left.
You didn't know any spells.

Dungeon Overview and Level Annotations

Branches:
Dungeon (8/15)             Temple (1/1) D:6
   Lair: D:8-11

Altars:
Ashenzari
Elyvilon
Gozag
Kikubaaqudgha
Nemelex Xobeh
Okawaru
Qazlal
Ru
Sif Muna
Trog
Vehumet
Xom
Yredelemnul
The Shining One

Shops:
D:5 %

Annotations:
D:4 HEYYEYAAE's ghost, average FoAK
D:8 Grum


Innate Abilities, Weirdness & Mutations

You reflexively headbutt those who attack you in melee.
You have a pair of horns on your head.


Message History

The wolf completely misses you. You furiously retaliate!
You headbutt the wolf. The wolf bites you! Something hits you!
The wolf barely misses you. The wolf bites you but does no damage.
You closely miss the wolf. Your headbutt misses the wolf.
The wolf barely misses you. The wolf bites you. You block the wolf's attack.
You block the wolf's attack. Something hits you!!
* * * LOW HITPOINT WARNING * * *
The wolf closely misses you. The wolf bites you.
* * * LOW HITPOINT WARNING * * *
You hit the wolf.
The wolf is poisoned.
Your headbutt misses the wolf.
The wolf is moderately wounded.
You block the wolf's attack. The wolf bites you.
* * * LOW HITPOINT WARNING * * *
The wolf bites you.
* * * LOW HITPOINT WARNING * * *
You block the wolf's attack. The wolf bites you but does no damage.
Something hits you but does no damage. The wolf bites you but does no damage.
You block the wolf's attack. The wolf bites you but does no damage.
Something hits you!
You die...

... #.....+...+....[ ....
+.....#...#.....
....#+####+##.....#...##...#
.................##...##...#
.................#.....#....
.................+.....+....
..........h......#....####+#
#+##....##h####'##!...#.....
+....#.h@.'...'....+.....
#....#....#...#....#..... .#
#....+...###+##+##'#..... .#
#....#+###...........##+# .+
#....................#..# .##+##
+....................#..# .....#
#....................'..#
.....#+##....................#..#
..................##+####....#..+


You could see 3 wolves.

Vanquished Creatures
  Grinder (D:5)
  A hippogriff (D:7)
  Menkaure (D:7)
  A wolf (D:8)
  Duvessa (D:6)
  A sky beast (D:6)
  A water moccasin (D:5)
  2 ice beasts
  An orc warrior (D:6)
  3 ogres
  A big kobold (D:7)
  2 centaurs (D:6)
  2 giant frogs
  Dowan (D:6)
  A jelly (D:6)
  4 wights (D:6)
  A centaur zombie (D:5)
  4 crimson imps
  3 orc priests
  5 hounds
  Crazy Yiuf (D:2)
  2 centaur skeletons
  A giant frog skeleton (D:8)
  4 orc wizards
  An iguana (D:4)
  7 worker ants
  A hound skeleton (D:4)
  A worker ant zombie (D:8)
  7 adders
  14 gnolls
  An ooze (D:3)
  An adder skeleton (D:6)
  An adder zombie (D:6)
  3 worms
  26 orcs
  A ball python (D:3)
  2 giant cockroaches (D:3)
  12 hobgoblins
  11 jackals
  18 kobolds
  3 quokkas
  5 bats
  2 giant geckos
  6 giant newts
  6 goblins
  A quokka skeleton (D:4)
  A quokka zombie (D:7)
  5 rats
  3 fungi (D:2)
184 creatures vanquished.

Notes
Turn   | Place    | Note
--------------------------------------------------------------
     0 | D:1      | mrath the Minotaur Fighter began the quest for the Orb.
     0 | D:1      | Reached XP level 1. HP: 19/19 MP: 0/0
   339 | D:1      | Reached XP level 2. HP: 23/26 MP: 1/1
   549 | D:1      | Reached skill level 4 in Axes
   873 | D:1      | Reached XP level 3. HP: 31/31 MP: 2/2
  1218 | D:2      | Reached skill level 5 in Axes
  1311 | D:2      | Found an opulent altar of Gozag.
  1369 | D:2      | Found a basalt altar of Yredelemnul.
  1394 | D:2      | Reached XP level 4. HP: 31/39 MP: 3/3
  1591 | D:2      | Found a deep blue altar of Sif Muna.
  1892 | D:2      | Found a stormy altar of Qazlal.
  1892 | D:2      | Found a radiant altar of Vehumet.
  1993 | D:2      | Noticed Crazy Yiuf
  2000 | D:2      | Killed Crazy Yiuf
  2000 | D:2      | Reached skill level 6 in Axes
  2225 | D:3      | Reached XP level 5. HP: 33/45 MP: 4/4
  2349 | D:3      | Reached skill level 7 in Axes
  2795 | D:3      | Noticed an ogre
  2802 | D:3      | Killed an ogre
  2802 | D:3      | Reached skill level 8 in Axes
  2802 | D:3      | Reached XP level 6. HP: 51/51 MP: 5/5
  3510 | D:4      | Noticed HEYYEYAAE's ghost (average FoAK)
  3763 | D:4      | You fall through a shaft!
  3763 | D:5      | Entered Level 5 of the Dungeon
  4207 | D:4      | Found a shimmering altar of Xom.
  4434 | D:5      | Reached XP level 7. HP: 50/58 MP: 6/6
  4584 | D:5      | Noticed Grinder
  4605 | D:5      | Killed Grinder
  4605 | D:5      | Reached skill level 1 in Throwing
  4759 | D:5      | Found Aheodwum's Food Boutique.
  4806 | D:5      | Got a warped scale mail
  4820 | D:5      | Identified the cursed +0 scale mail of Joma {rElec MR+ Int+7} (You found it on level 5 of the Dungeon)
  4864 | D:5      | Noticed a water moccasin
  4875 | D:5      | Killed a water moccasin
  4875 | D:5      | Reached skill level 9 in Axes
  5112 | D:6      | Reached skill level 5 in Shields
  5118 | D:6      | Reached XP level 8. HP: 45/67 MP: 7/7
  5287 | D:6      | Reached skill level 5 in Fighting
  5371 | D:6      | Reached skill level 5 in Armour
  5725 | D:6      | Found a staircase to the Ecumenical Temple.
  5750 | Temple   | Entered the Ecumenical Temple
  5770 | Temple   | Became a worshipper of Warmaster Okawaru
  6284 | D:6      | Noticed Duvessa
  6552 | D:6      | Noticed Dowan
  6557 | D:6      | Killed Dowan
  6569 | D:6      | Killed Duvessa
  6781 | D:6      | Reached skill level 1 in Dodging
  7181 | D:6      | Reached skill level 1 in Invocations
  7181 | D:6      | Reached XP level 9. HP: 75/75 MP: 8/8
  7255 | D:6      | Acquired Okawaru's first power
  7710 | D:7      | Noticed Menkaure
  7718 | D:7      | Killed Menkaure
  7929 | D:7      | Reached skill level 10 in Axes
  7937 | D:7      | Found a bloodstained altar of Trog.
  8696 | D:8      | Got a smoking leather armour
  8973 | D:8      | Noticed Grum
  8989 | D:8      | Slain by Grum

Vault maps used:
D:1:      sevenhm_arrival_forest_fort_small_2
D:2:      led_sif_pool, gammafunk_temple_overflow_statue, old_standard_altar,
          st_stairs_6, grunt_gozag_breadcrumbs, uniq_crazy_yiuf_cottage
D:3:      first_bread
D:4:      lemuel_coloured_pillars_altar, minmay_curled_crystal,
          minmay_misc_feat_iff
D:5:      serial_shops, shop, uniq_grinder
D:6:      minmay_temple_entry_butterflies, uniq_duvessa
D:7:      lemuel_crystal_altar, uniq_menkaure
D:8:      uniq_grum, uniq_psyche
Temple:   water_room_temple_b_12

Action                   |  1- 3 |  4- 6 |  7- 9 || total
-------------------------+-------+-------+-------++-------
Melee: War axe           |    93 |   153 |   142 ||   388
       Unarmed           |       |     3 |       ||     3
       Flail             |       |       |    34 ||    34
       Trident           |       |       |    64 ||    64
 Fire: Hunting sling     |       |    21 |    32 ||    53
Throw: Stone             |       |     7 |       ||     7
       Tomahawk          |       |     2 |       ||     2
       Javelin           |       |     8 |    37 ||    45
Invok: Heroism           |       |       |     3 ||     3
  Use: Scroll            |     1 |     7 |     9 ||    17
       Potion            |       |     1 |     1 ||     2
  Eat: Chunk             |     2 |     7 |     2 ||    11
       Pizza             |       |     1 |     2 ||     3
       Beef jerky        |       |     1 |     2 ||     3
       Royal jelly       |       |       |     2 ||     2
       Fruit             |       |       |     2 ||     2
